 Dungeon Crawl Stone Soup version 0.29.0 (webtiles) character file.

Game seed: 263678918068394192

153 collaery the Trooper (level 5, -4/42 HPs)
             Began as a Human Berserker on Aug 31, 2022.
             Was a Believer of Trog.
             Slain by a mummy (6 damage)
             ... in an ossuary.
             The game lasted 00:32:23 (3124 turns).

collaery the Trooper (Human Berserker)              Turns: 3124, Time: 00:32:24

Health: -4/42      AC:  9    Str: 19    XL:     5   Next: 61%
Magic:  5/5        EV:  8    Int:  8    God:    Trog [**....]
Gold:   95         SH:  0    Dex: 18    Spells: 4/4 levels left

rFire   . . .      SeeInvis .   t - +3 mace "Songymm" {venom, Dex+6}
rCold   . . .      Faith    .   (no shield)
rNeg    . . .      Spirit   .   u - +0 chain mail
rPois   .          Reflect  .   (no helmet)
rElec   .          Harm     .   (no cloak)
rCorr   .          Rampage  .   (no gloves)
Will    ++...                   (no boots)
Stlth   ..........              (no amulet)
HPRegen 1.14/turn               (no ring)
MPRegen 0.09/turn               (no ring)

@: strong-willed, regenerating
A: no striking features
a: Renounce Religion, Berserk, Trog's Hand


You were in an ossuary.
You worshipped Trog.
Trog was pleased with you.
You visited 1 branch of the dungeon, and saw 4 of its levels.
You also visited: Ossuary.

You collected 127 gold pieces.
You spent 32 gold pieces at shops.

Inventory:

Hand Weapons
 a - a +0 mace
 s - a +0 dagger of protection
 t - the +3 mace "Songymm" (weapon) {venom, Dex+6}
   (You found it on level 3 of the Dungeon)

   It poisons the flesh of those it strikes.
   Dex:       It affects your dexterity (+6).
Missiles
 r - 3 poisoned darts (quivered)
Armour
 u - a +0 chain mail (worn)
Wands
 e - a wand of acid (3)
Scrolls
 c - 2 scrolls of fear {unknown}
 d - a scroll of blinking {unknown}
 g - 4 scrolls of vulnerability {unknown}
 h - 2 scrolls of noise {unknown}
 i - 5 scrolls of identify {unknown}
 j - 2 scrolls of torment {unknown}
 n - 5 scrolls of teleportation {unknown}
 o - 2 scrolls of brand weapon {unknown}
 q - a scroll of summoning {unknown}
Potions
 f - a potion of curing {unknown}
 k - a potion of haste {unknown}
 l - 2 potions of resistance {unknown}
 p - a potion of heal wounds {unknown}
 v - a potion of degeneration {unknown}


   Skills:
 + Level 3.6 Fighting
 - Level 0.1 Short Blades
 + Level 3.6 Maces & Flails
 + Level 1.5 Throwing
 + Level 2.8 Armour
 + Level 2.8 Dodging
 + Level 1.8 Stealth


You had 4 spell levels left.
You didn't know any spells.
Your spell library was empty.

Dungeon Overview and Level Annotations

Branches:
Dungeon (4/15)            Ossuary (1/1)
 Temple: D:4-7

Altars:
Fedhas
Hepliaklqana
Nemelex Xobeh

Shops:
D:2 [=*


Message History

The kobold skeleton hits you but does no damage.
The mummy hits you but does no damage.
Okay, then.
You hit the gnoll skeleton.
The gnoll skeleton is almost destroyed.
The gnoll skeleton hits you but does no damage.
The kobold skeleton hits you but does no damage.
You sock the gnoll skeleton!
You destroy the gnoll skeleton!
Trog accepts your kill. The mummy closely misses you.
The kobold skeleton hits you but does no damage.
You hit the mummy but do no damage. The mummy hits you!
* * * LOW HITPOINT WARNING * * *
The orc skeleton hits you but does no damage.
The kobold skeleton barely misses you.
You hit the mummy.
The mummy is moderately damaged.
The mummy barely misses you. The orc skeleton closely misses you.
You hit the mummy.
The mummy is heavily damaged.
The kobold skeleton hits you.
* * * LOW HITPOINT WARNING * * *
The orc skeleton barely misses you.
You hit the mummy.
The mummy is severely damaged.
The kobold skeleton hits you but does no damage.
The mummy hits you.
* * * LOW HITPOINT WARNING * * *
The orc skeleton barely misses you.
You hit the mummy.
The mummy is almost destroyed.
The kobold skeleton hits you but does no damage.
The mummy hits you.
* * * LOW HITPOINT WARNING * * *
The orc skeleton barely misses you.
You closely miss the mummy.
The mummy is almost destroyed.
The kobold skeleton barely misses you. The mummy hits you.
You die...

#...# #M..#
#...# #...#
#(..# ##'''##
##.....##
####M......###
#W▓@Z.∩.∩...▓W
####Z......###
##.....##
##...## ##▓##
W# ##


You could see 2 wraiths, a mummy, a kobold skeleton and an orc skeleton.

Vanquished Creatures
  An orc wizard (D:3)
  2 adders
  4 gnolls
  2 dart slugs
  3 orcs (D:3)
  11 ball pythons
  3 endoplasms
  3 giant cockroaches
  4 goblins
  6 hobgoblins
  2 jackals (D:2)
  6 kobolds
  2 quokkas
  6 bats
  3 gnoll skeletons (Ossuary)
  4 orc skeletons (Ossuary)
  6 rats
  A spectral hobgoblin (D:3)
69 creatures vanquished.

Vanquished Creatures (others)
  4 fungi (D:3)
4 creatures vanquished.

Grand Total: 73 creatures vanquished

Notes
Turn   | Place    | Note
-------+----------+-------------------------------------------
     0 | D:1      | collaery the Human Berserker began the quest for the Orb.
     0 | D:1      | Reached XP level 1. HP: 18/18 MP: 1/1
   184 | D:1      | Reached XP level 2. HP: 17/24 MP: 2/2
   437 | D:1      | Found a faded altar of an unknown god.
   451 | D:1      | Reached XP level 3. HP: 29/29 MP: 3/3
   734 | D:2      | Found Quxef's Assorted Antiques.
   770 | D:2      | Bought a scroll labelled DUDE BEMNIOTO for 17 gold pieces
   770 | D:2      | Bought a sedimented emerald potion for 15 gold pieces
   807 | D:2      | Reached skill level 1 in Stealth
   944 | D:2      | Reached ** piety under Trog
  1092 | D:2      | Found Oziy's Jewellery Emporium.
  1200 | D:2      | Reached XP level 4. HP: 32/35 MP: 4/4
  1263 | D:2      | Found Hecut's Armour Shoppe.
  1789 | D:3      | Reached skill level 1 in Throwing
  2232 | D:3      | Found a blossoming altar of Fedhas.
  2318 | D:3      | Reached XP level 5. HP: 40/41 MP: 5/5
  2536 | D:3      | Identified the +3 mace "Songymm" {venom, Dex+6}
  2692 | D:3      | Found a hazy altar of Hepliaklqana.
  3018 | D:4      | Noticed a +0 dagger
  3019 | D:4      | Noticed a +0 dagger
  3040 | D:4      | Found a sparkling altar of Nemelex Xobeh.
  3066 | D:4      | Found a sand-covered staircase.
  3083 | Ossuary  | Entered an ossuary
  3083 | Ossuary  | Noticed a wraith
  3083 | Ossuary  | Noticed a wraith
  3083 | Ossuary  | Noticed a wraith
  3123 | Ossuary  | HP: 1/42 [mummy (6)]
  3124 | Ossuary  | Slain by a mummy

Illustrated notes

Levels and vault maps discovered:
D:1:      amcnicky_arrival_double_pillar, layout_basic,
          nicolae_ecumenical_snake_handling
D:2:      layout_basic, serial_shops, shop, shop, shop
D:3:      layout_basic, nicolae_hepliaklqana_monster_ancestors,
          mainiacjoe_overflow_alcove_4, minmay_door_square
D:4:      cheibrodos_barr_body, layout_layer_cave, dancing_weapons_uskayaw,
          nemelex_xobeh_ov_fountains_minmay, nicolae_ossuary_entry_monument
Ossuary:  ossuary_due_mausoleum

Skill      XL: |  1  2  3  4 |
---------------+-------------+-----
Stealth        | 1 |  1.8
Throwing       | 1 |  1.5
Fighting       | |  3.6
Short Blades   | |  0.1
Maces & Flails | |  3.6
Armour         | |  2.8
Dodging        | |  2.8

Action                   |  1- 3 |  4- 6 || total
-------------------------+-------+-------++-------
Melee: Mace              |    91 |   144 ||   235
       Punch             |     2 |     4 ||     6
       Dagger            |       |    24 ||    24
Throw: Stone             |    12 |    21 ||    33
       Throwing net      |       |     3 ||     3
       Dart              |       |     1 ||     1
Invok: Trog's Hand       |       |     2 ||     2
       Berserk           |       |     1 ||     1
Armor: Animal skin       |     3 |       ||     3
       Ring mail         |    41 |    21 ||    62
       Scale mail        |       |    44 ||    44
       Chain mail        |       |    23 ||    23
Dodge: Dodged            |    64 |   106 ||   170
